 Dungeon Crawl Stone Soup version 0.28.0-53-g5a82cb258f (webtiles) character file.

Game seed: 18349968313301045592

25 Descartes the Scratcher (level 2, -1/12 HPs)
             Began as a Felid Transmuter on June 24, 2022.
             Succumbed to an adder's poison
             ... on level 2 of the Dungeon.
             The game lasted 00:03:04 (1283 turns).

Descartes the Scratcher (Felid Transmuter)          Turns: 1283, Time: 00:03:05

Health: -1/12      AC:  1    Str:  6    XL:     2   Next: 82%
Magic:  5/6        EV: 17    Int: 14    God:
Gold:   21         SH:  0    Dex: 16    Spells: 4/5 levels left
                                        Lives:  0   Deaths: 0

rFire   + . .      SeeInvis +     - Unarmed
rCold   . . .      Faith    .   (shield unavailable)
rNeg    . . .      Spirit   .   (armour unavailable)
rPois   .          Reflect  .   (helmet unavailable)
rElec   .          Harm     .   (cloak unavailable)
rCorr   .          Rampage  .   (gloves unavailable)
Will    .....                   (boots unavailable)
Stlth   ++........              (no amulet)
HPRegen 0.04/turn               d - ring of protection from fire
MPRegen 0.10/turn               (no ring)

@: lethally poisoned (-1 -> -8), appendages, quick
A: horns 2, very small, claws 1, fangs 3, see invisible, speed 1, shaggy fur 1,
stealthy paws, no weapons or thrown items, no armour, multi-lived
a: End Transformation


You were on level 2 of the Dungeon.
You had temporarily grown beastly horns.
You visited 1 branch of the dungeon, and saw 2 of its levels.

You collected 21 gold pieces.

Inventory:

Missiles
 c - 95 stones
Jewellery
 d - a ring of protection from fire (left paw)
Scrolls
 a - a scroll of vulnerability {unknown}
 g - 2 scrolls of identify {unknown}
 h - a scroll of teleportation {unknown}
Potions
 b - a potion of lignification {unknown}
 e - 3 potions of curing {unknown}
 f - a potion of might {unknown}


   Skills:
 + Level 1.3 Fighting
 * Level 3.0 Dodging
 * Level 1.1 Stealth
 * Level 3.2 Unarmed Combat
 + Level 2.1 Spellcasting
 + Level 1.5 Hexes
 + Level 0.3 Translocations
 + Level 2.2 Transmutations


You had 4 spell levels left.
You knew the following spells:

 Your Spells              Type           Power      Damage    Failure   Level
a - Beastly Appendage     Tmut           14%        N/A       10%         1

Your spell library contained the following spells:

 Spells                   Type           Power      Damage    Failure   Level
 Wereblood                Tmut           7%         N/A       14%         2
 Spider Form              Tmut/Pois      4%         N/A       41%         3
 Ice Form                 Ice/Tmut       4%         N/A       83%         4


Dungeon Overview and Level Annotations

Branches:
Dungeon (2/15)

Altars:
The Shining One


Innate Abilities, Weirdness & Mutations

You have temporarily grown beastly horns.
You have sharp claws.
You have razor-sharp teeth.
You have supernaturally acute eyesight. (SInv)
You cover ground quickly. (Speed+)
You are covered in fur. (AC +1)
Your paws help you pounce on unaware monsters.
You are incapable of wielding weapons or throwing items.
You cannot wear armour.
You gain extra lives every three experience levels.


Message History

You bite the hobgoblin.
You kill the hobgoblin!
Your Stealth skill increases to level 1!
No target in view!
No target in view!
No target in view!
No target in view!
No target in view!
No target in view!
No target in view!
No target in view!
No target in view!
No target in view!
No target in view!
h - a scroll labelled VIMNUH ZENISK You see here a +0 club.
An adder comes into view.
The adder hisses angrily.
The adder bites you.
You are poisoned.
The adder poisons you! The adder bites you.
You are lethally poisoned!
The adder poisons you!
You are too injured to fight recklessly!
You are too injured to fight recklessly!
You are too injured to fight recklessly!
You are too injured to fight recklessly!
You are too injured to fight recklessly!
You are too injured to fight recklessly!
Casting: Beastly Appendage (safe; 10% risk of failure)
Confirm with . or Enter, or press ? or * to list all spells.
You grow a pair of large bovine horns.
* * * LOW HITPOINT WARNING * * *
You feel very sick. The adder completely misses you.
You closely miss the adder. Your headbutt misses the adder.
* * * LOW HITPOINT WARNING * * *
You feel sick. The adder closely misses you.
You closely miss the adder.
You die...

....
#.......##.†......
##..
###.................
.................^...
####.......##........
#.......##........
#.......##........
#.......##########
#.......# #@#######
#S# #.# #.# #.# ..#
#.# ..#


You could see an adder.

Vanquished Creatures
  2 endoplasms
  2 giant cockroaches
  A hobgoblin (D:2)
  5 quokkas
  3 ball pythons
  2 bats (D:1)
  2 frilled lizards (D:1)
  3 goblins
  A kobold (D:1)
  A rat (D:1)
22 creatures vanquished.

Notes
Turn   | Place    | Note
-------+----------+-------------------------------------------
     0 | D:1      | Descartes the Felid Transmuter began the quest for the Orb.
     0 | D:1      | Reached XP level 1. HP: 9/9 MP: 4/4
   365 | D:1      | Noticed a golden eye
   370 | D:1      | Found a faded altar of an unknown god.
   371 | D:1      | Noticed a floating eye
   371 | D:1      | Noticed a floating eye
   371 | D:1      | Noticed a golden eye
   376 | D:1      | Reached XP level 2. HP: 8/12 MP: 4/6
   731 | D:1      | Reached skill level 1 in Hexes
  1016 | D:2      | Found a glowing golden altar of the Shining One.
  1246 | D:2      | Reached skill level 1 in Stealth
  1283 | D:2      | Succumbed to an adder's poison

Illustrated notes

Levels and vault maps discovered:
D:1:      evilmike_arrival_plus, layout_basic,
          hellmonk_ecumenical_altar_watching_god
D:2:      minmay_spotlight, layout_basic, basic_altar, kennysheep_generic_room_9

Skill      XL: |  1  2 |
---------------+-------+-----
Hexes          | 1 |  1.5
Dodging        | 3 |  3.0
Stealth        | 1 |  1.1
Fighting       | |  1.3
Unarmed Combat | |  3.2
Spellcasting   | |  2.1
Translocations | |  0.3
Transmutations | |  2.2

Action                   || total
-------------------------++-------
Melee: Unarmed           ||    41
       Bite              ||     4
       Headbutt          ||     3
 Cast: Beastly Appendage ||    11
 Stab: Sleeping          ||     4
Armor: Skin              ||     2
Dodge: Dodged            ||    29
